Map: Dasan Station LE

Players

Tenonee - Winner!

  • Race: Terran Terran
  • League: Diamond

NirtyD

  • Race: Zerg Zerg
  • League: Platinum

VOD

Have the link to the VOD?

Description

Time

  • Played on: July 30, 2016, 8:50 a.m.
  • Length: 16:28
Show
View Real Time Build Order
Export as new Build Order

Tenonee Terran - Winner!

Build Orders: MMM Bio 

Get SALT Encoding   

  12  0:01  SCV  
  13  0:13  SCV  
  14  0:17  Supply Depot  
  14  0:25  SCV  
  15  0:39  SCV  
  15  0:40  Barracks  
  16  0:50  Supply Depot  
  16  0:51  SCV  
  17  1:03  SCV, Refinery  
  18  1:15  SCV  
  19  1:30  Marine  
  20  1:35  Orbital Command  
  20  1:48  Marine  
  20  1:54  Command Center  
  21  2:03  SCV  
  22  2:09  Factory  
  22  2:16  SCV  
  23  2:25  Barracks Reactor  
  23  2:28  SCV  
  24  2:40  SCV  
  25  2:46  Barracks, Refinery  
  25  2:52  SCV  
  26  3:05  SCV  
  27  3:09  Orbital Command  
  27  3:12  Barracks Tech Lab  
  27  3:17  Starport  
  27  3:18  SCV  
  28  3:21  Hellion x2  
  32  3:30  SCV  
  33  3:39  SCV  
  34  3:43  Marine, Stimpack  
  34  3:44  Hellion  
  34  3:45  Hellion  
  39  3:48  SCV  
  39  3:51  SCV  
  39  3:55  Starport Reactor  
  41  3:57  Barracks Reactor  
  41  4:00  SCV  
  41  4:01  Marine  
  43  4:04  SCV  
  43  4:12  Supply Depot  
  43  4:13  SCV  
  43  4:15  Hellion, Supply Depot  
  46  4:32  Command Center  
  46  4:34  Hellion, SCV x2  
  46  4:46  SCV  
  46  4:48  SCV  
  48  4:52  Engineering Bay  
  48  4:53  Marine x2  
  48  4:54  Engineering Bay  
  48  4:58  SCV  
  49  5:07  Factory Tech Lab, SCV  
  49  5:08  Barracks  
  49  5:10  SCV  
  51  5:14  Supply Depot  
  51  5:18  Marine x3  
  51  5:20  Medivac  
  52  5:23  SCV x2  
  54  5:31  Widow Mine  
  54  5:35  SCV  
  57  5:36  Marine  
  57  5:38  Terran Infantry Armor Level 1, Terran Infantry Weapons Level 1  
  57  5:40  Supply Depot  
  58  5:43  Marine x2  
  58  5:49  Orbital Command  
  60  5:51  SCV  
  60  5:53  Marine  
  62  6:01  Marine x2  
  64  6:11  Factory Reactor, Barracks, Marine, SCV x2  
  66  6:18  Refinery  
  67  6:19  Refinery  
  67  6:22  Marine x2  
  67  6:23  SCV  
  67  6:25  Marine x2  
  70  6:27  Combat Shields  
  70  6:28  Orbital Command  
  70  6:29  Marine  
  70  6:31  SCV  
  74  6:34  Liberator  
  74  6:35  SCV  
  74  6:39  Marine  
  75  6:44  Marine x3  
  79  6:47  Marine  
  79  6:51  Medivac  
  89  6:59  Marine x2  
  89  7:02  Marine  
  89  7:05  SCV x3  
  89  7:07  Marine x2  
  89  7:08  Marauder  
  90  7:17  Marine, SCV x2  
  90  7:20  Marine  
  90  7:25  Liberator, Marine x2  
  90  7:26  Liberator  
  90  7:29  Marauder  
  91  7:31  Marine x2  
  91  7:35  Marine  
  93  7:42  Supply Depot, Marine  
  103  7:48  Armory  
  103  7:49  SCV  
  103  7:50  SCV x2  
  106  7:54  Siege Tank  
  106  7:55  Supply Depot  
  106  7:58  Supply Depot, Marine  
  98  7:59  Supply Depot, Marine  
  98  8:02  SCV x2  
  92  8:06  Marine x3  
  92  8:07  Marine  
  96  8:15  Marauder  
  96  8:16  Marine x2  
  100  8:23  Liberator  
  100  8:24  Marine x2  
  100  8:26  Siege Tank  
  104  8:34  Command Center  
  106  8:35  Refinery x2  
  106  8:36  Marauder  
  106  8:38  Marine  
  106  8:39  Marine x3  
  106  8:40  Medivac  
  113  8:42  Marine x2  
  115  8:52  Terran Infantry Weapons Level 2  
  115  8:54  Barracks  
  115  8:56  Marine  
  115  8:57  Marine x4  
  115  8:58  Siege Tank  
  123  9:04  Marine x2  
  123  9:05  Liberator  
  125  9:14  Marine x2  
  127  9:20  Marine x3  
  127  9:22  Marine x2  
  135  9:26  Supply Depot  
  135  9:27  Supply Depot x2  
  135  9:32  Marine x2  
  135  9:38  Marine x3  
  139  9:39  Marine  
  141  9:57  Marine  
  141  9:58  Marine x6  
  149  10:04  Terran Infantry Armor Level 2  
  148  10:07  Barracks Tech Lab  
  148  10:15  Marine x2  
  148  10:16  Marauder  
  148  10:19  Barracks  
  151  10:21  Barracks  
  148  10:36  Marine x3, Marauder  
  148  10:37  Marauder  
  134  10:44  Liberator  
  118  10:55  Siege Tank  
  118  10:56  Marine  
  122  10:57  Marine x5  
  122  10:58  Marauder  
  122  10:59  Marauder  
  122  11:01  Medivac  
  122  11:03  Factory  
  136  11:14  Marine  
  136  11:15  Marine x5  
  140  11:19  Marauder  
  140  11:20  Marine  
  142  11:27  Liberator  
  142  11:31  Medivac  
  142  11:32  Marine x6  
  145  11:38  Marauder  
  142  11:40  Marine, Siege Tank  
  131  11:50  Marine x6  
  133  11:58  Marauder  
  133  11:59  Marauder  
  133  12:00  Factory Tech Lab  
  137  12:02  Command Center  
  137  12:03  Terran Infantry Weapons Level 3  
  137  12:07  Marine  
  137  12:08  Marine x4  
  138  12:14  Marine  
  143  12:20  Marauder  
  143  12:21  Marauder  
  128  12:26  Marine  
  128  12:27  Marine x4  
  121  12:32  Marine  
  120  12:41  Marauder  
  120  12:42  Marine  
  114  12:44  Marine  
  114  12:47  Marine  
  114  12:48  Marine x3  
  114  12:50  Liberator x2, Marine, Siege Tank x2  
  100  13:00  Marauder  
  100  13:02  Marine x2  
  100  13:05  Marine x3  
  92  13:06  Marine  
  92  13:08  Marine  
  92  13:12  Planetary Fortress  
  101  13:20  Marine, Marauder  
  101  13:21  Marine  
  101  13:22  Siege Tank  
  101  13:23  Marine x4  
  104  13:39  Marauder  
  98  13:42  Marine x2  
  98  13:43  Marine x3, Marauder  
  98  13:46  Marine  
  90  14:00  Marine x2  
  90  14:01  Marine  
  90  14:04  Marine  
  90  14:07  Marine  
  90  14:08  Orbital Command  
  88  14:19  Marine x3, Marauder  
  93  14:26  Marine  
  93  14:27  Marine x2, Marauder  
  98  14:37  Marine x3  
  100  14:41  Marauder  
  100  14:44  Marine x2  
  100  14:45  Marine  
  103  14:46  Siege Tank x2  
  103  14:48  Marine, Planetary Fortress  
  110  14:55  Marine  
  110  14:57  Liberator  
  110  14:58  Liberator  
  101  15:02  Marauder  
  101  15:07  Marine  
  103  15:09  Marine x4  
  103  15:10  Marine  
  103  15:12  Marine  
  110  15:18  Siege Tank  
  119  15:23  Marauder  
  119  15:24  Marine  
  119  15:27  Marine x4  
  125  15:29  Marine  
  125  15:31  Marine  
  125  15:33  Siege Tank  
  130  15:42  Marine  
  130  15:44  Marine  
  130  15:45  Marine x4  
  130  15:47  Marine  
  137  15:50  Marine  
  138  16:00  Marine  
  138  16:03  Marauder  
  144  16:05  Ghost Academy  
  144  16:09  Marine x4  
Show
View Real Time Build Order
Export as new Build Order

NirtyD Zerg 

Build Orders: Hatch First 

Get SALT Encoding   

  12  0:01  Drone  
  13  0:13  Overlord  
  13  0:18  Drone  
  14  0:34  Drone  
  14  0:35  Drone x2  
  17  0:54  Hatchery  
  16  0:57  Drone  
  16  1:01  Extractor  
  16  1:06  Drone  
  17  1:23  Spawning Pool, Drone x2  
  18  1:28  Drone  
  19  1:48  Overlord  
  19  2:01  Drone  
  20  2:09  Queen x2  
  20  2:10  Zergling x4  
  20  2:14  Metabolic Boost  
  26  2:19  Drone x2  
  28  2:26  Drone  
  29  2:38  Drone x2  
  31  2:45  Pneumatized Carapace  
  31  2:52  Drone x2, Overlord  
  33  3:00  Drone  
  33  3:05  Drone  
  35  3:08  Extractor  
  34  3:13  Zergling x4  
  34  3:18  Drone  
  34  3:19  Drone x5  
  42  3:34  Zergling x2  
  42  3:35  Zergling x2  
  44  3:45  Evolution Chamber  
  43  3:50  Zergling x2  
  44  4:07  Overlord x2  
  44  4:12  Zerg Missile Weapons Level 1  
  44  4:14  Lair  
  44  4:17  Extractor  
  44  4:22  Overlord x2  
  43  4:24  Queen  
  45  4:37  Zergling x10  
  45  4:38  Hatchery  
  48  4:59  Drone x5, Roach Warren  
  52  5:00  Evolution Chamber  
  51  5:08  Hatchery  
  49  5:19  Overlord x2  
  49  5:25  Drone x2  
  51  5:29  Zerg Ground Armor Level 1  
  51  5:32  Extractor  
  51  5:33  Queen x2  
  51  5:35  Overlord x2  
  54  5:48  Overlord  
  54  5:49  Overlord  
  54  5:57  Drone x2  
  54  5:58  Drone x4  
  60  6:08  Zerg Missile Weapons Level 2  
  60  6:09  Glial Reconstitution  
  64  6:11  Roach x3  
  64  6:12  Roach x2  
  70  6:35  Roach x4  
  70  6:36  Roach x2  
  70  6:37  Drone  
  70  6:39  Extractor  
  82  6:40  Extractor  
  82  6:42  Drone x3  
  84  6:48  Spore Crawler  
  82  7:11  Queen x2  
  86  7:21  Drone x6  
  92  7:29  Ravager  
  93  7:30  Ravager  
  93  7:32  Ravager  
  93  7:33  Ravager x4  
  99  7:44  Drone x3  
  99  7:45  Drone x4  
  99  7:47  Queen x2  
  99  7:48  Hatchery  
  109  7:52  Roach  
  109  7:53  Roach x2  
  110  8:09  Roach x2  
  110  8:10  Roach  
  116  8:17  Drone, Infestation Pit  
  116  8:18  Drone x5  
  121  8:39  Zerg Ground Armor Level 2  
  121  8:41  Overlord x3  
  121  8:42  Overlord  
  121  9:06  Roach  
  121  9:07  Roach x3  
  121  9:08  Ravager  
  121  9:09  Ravager x9  
  139  9:12  Drone x4  
  139  9:14  Drone x4, Extractor  
  139  9:15  Extractor  
  145  9:52  Swarm Host x2  
  151  10:05  Overlord x4  
  151  10:14  Zergling x6  
  151  10:15  Zergling x4  
  151  10:40  Infestor x3  
  131  10:49  Zergling x2  
  128  10:50  Zergling x8  
  128  10:52  Overlord  
  128  10:53  Overlord  
  128  10:55  Hive  
  128  10:56  Zerg Melee Weapons Level 1  
  132  11:02  Hatchery  
  131  11:21  Zergling x4  
  131  11:23  Zergling x8  
  131  11:34  Roach  
  131  11:35  Roach x12  
  122  11:54  Zergling x2  
  122  11:55  Zergling x16  
  122  11:59  Pathogen Glands  
  131  12:09  Ravager x5  
  131  12:10  Ravager x8  
  133  12:27  Zergling x2  
  133  12:28  Zergling x10  
  135  12:32  Adrenal Glands  
  135  12:35  Ultralisk Cavern  
  120  12:51  Roach  
  120  12:52  Roach x4  
  94  13:07  Roach x7  
  94  13:09  Zergling x2  
  94  13:10  Zergling x10  
  114  13:16  Zergling x2  
  114  13:17  Zergling x12  
  121  13:20  Spire  
  121  13:26  Zergling x24  
  121  13:27  Zergling x2  
  53  15:47  Ultralisk  
  53  15:48  Ultralisk x12  
  141  15:50  Zergling x4  
  141  15:51  Zergling x22  
Tags
 
Add a new tag
Caveats
  • Supply blocks, unpowered buildings, or Contaminate may cause inaccurate times.
  • Supply counts are checked every 10 seconds.